 Dungeon Crawl Stone Soup version 0.30-a0-586-g23e55c9e0a (webtiles) character file.

Game seed: 11860967844716013454

3485 NinjaNoafa the Nimble (level 10, 0/82 HPs)
             Began as a Merfolk Gladiator on Jan 3, 2023.
             Slain by a wight
             ... wielding a +0 hand axe of electrocution
              (16 damage)
             ... on level 7 of the Dungeon.
             The game lasted 00:16:20 (5584 turns).

NinjaNoafa the Nimble (Merfolk Gladiator)           Turns: 5584, Time: 00:16:21

Health: 0/82       AC:  8    Str: 19    XL:     10   Next: 7%
Magic:  10/10      EV: 21    Int:  8    God:
Gold:   264        SH:  0    Dex: 24    Spells: 9/9 levels left

rFire   x . .      SeeInvis .    x - +9 spear "Reorahimei" {freeze, Fly rC+ rN+ Str-3}
rCold   + + +      Faith    +    (no shield)
rNeg    + . .      Spirit   .    F - +1 leather armour of Cuxew {rPois rF- rC++}
rPois   +          Reflect  .    c - +0 helmet
rElec   .          Harm     .    u - +0 cloak
rCorr   .          Rampage  .    r - +0 pair of gloves
Will    .....                    y - +0 pair of boots
Stlth   ++++                     g - amulet of faith
HPRegen 0.33/turn                n - +6 ring of strength
MPRegen 0.12/turn                o - +6 ring of dexterity

@: flying
A: (nimble swimmer 2), mertail
a: no special abilities


You were on level 7 of the Dungeon.
You visited 1 branch of the dungeon, and saw 7 of its levels.

You collected 264 gold pieces.

Inventory:

Hand Weapons
 a - a +0 rapier
 j - a +3 dagger
 x - the +9 spear "Reorahimei" (weapon) {freeze, Fly rC+ rN+ Str-3}
   (You found it on level 3 of the Dungeon)

   It freezes those it strikes, dealing additional cold damage.
   It can also slow down cold-blooded creatures.
   Str:       It affects your strength (-3).
   rC:        It protects you from cold.
   rN:        It protects you from negative energy.
   Fly:       It grants you flight.
Missiles
 t - 3 poisoned darts (quivered)
Armour
 c - a +0 helmet (worn)
 r - a +0 pair of gloves (worn)
 u - a +0 cloak (worn)
 y - a +0 pair of boots (worn)
 F - the +1 leather armour of Cuxew (worn) {rPois rF- rC++}
   (You found it on level 5 of the Dungeon)

   rF:        It makes you vulnerable to fire.
   rC:        It greatly protects you from cold.
   rPois:     It protects you from poison.
Jewellery
 g - an amulet of faith (around neck)
 n - a +6 ring of strength (left hand)
 o - a +6 ring of dexterity (right hand)
Wands
 b - a wand of polymorph (11)
 h - a wand of roots (7)
 s - a wand of flame (29)
 K - a wand of paralysis (9)
Scrolls
 f - 6 scrolls of immolation
 i - a scroll of poison
 k - 3 scrolls of identify
 l - 2 scrolls of enchant armour {unknown}
 q - 3 scrolls of teleportation
 v - a scroll of vulnerability {unknown}
 C - a scroll of magic mapping {unknown}
 D - 2 scrolls of amnesia {unknown}
 E - a scroll of enchant weapon {unknown}
 H - a scroll of summoning {unknown}
 J - 2 scrolls of blinking {unknown}
 L - a scroll of fear {unknown}
Potions
 m - a potion of berserk rage {unknown}
 p - 3 potions of curing
 w - 2 potions of degeneration {unknown}
 z - a potion of heal wounds {unknown}
 A - a potion of might
 B - 2 potions of haste {unknown}
 G - a potion of brilliance {unknown}
 I - a potion of attraction {unknown}


   Skills:
 + Level 8.7 Fighting
 - Level 5.4 Short Blades
 - Level 8.0 Polearms
 - Level 2.0 Throwing
 + Level 11.0 Dodging
 - Level 6.0 Stealth


You had 9 spell levels left.
You didn't know any spells.
Your spell library contained the following spells:

 Spells                   Type           Power      Damage    Failure   Level
 Ensorcelled Hibernation  Hex/Ice        0%         N/A       61%         2
 Passwall                 Tmut/Erth      0%         N/A       61%         2
 Swiftness                Air            0%         N/A       83%         3


Dungeon Overview and Level Annotations

Branches:
Dungeon (7/15)             Temple (0/1) D:6

Altars:
Fedhas

Shops:
D:4 [

Annotations:
D:5 1 runed translucent door, mhtbhm's ghost, novice GrFi


Innate Abilities, Weirdness & Mutations

((You are very nimble when in or above water. (Stealth+, EV+, Speed+++)))
Your lower body shifts to a powerful aquatic tail in water.


Message History

A goblin comes into view. It is wielding a +0 spear.
The vampire mosquito barely misses you. The orc barely misses you.
The killer bee barely misses you.
The vampire mosquito bites you but does no damage.
Your surroundings suddenly seem different.
The sentinel's mark upon you fades away.
A wight is nearby!
Throw: javelin
Press: ? - help, Q - select action, (/) - cycle Shift-Dir - straight line, f - wight
Aim: a wight, wielding a +0 great sword and wearing a +0 robe (heavily damaged, 69% to hit)
You throw a javelin. The javelin closely misses the wight.
Throw: 2 throwing nets
Press: ? - help, Q - select action, (/) - cycle Shift-Dir - straight line, f/p - wight
Aim: a wight, wielding a +0 great sword and wearing a +0 robe (heavily damaged, 69% to hit)
You throw a throwing net. The throwing net hits the wight.
The wight is caught in the net!
The wight is heavily damaged.
The wight struggles against the net.
Found 2 throwing nets.
Found a stone staircase leading up.
The wight throws a stone.
The stone hits you but does no damage.
The wight struggles against the net.
Throw: throwing net
Press: ? - help, Q - select action, (/) - cycle Shift-Dir - straight line, f - wight, p - wight
Aim: a wight, wielding a +0 scimitar and wearing a +0 robe (69% to hit)
You throw a throwing net. The throwing net hits the wight.
The wight is caught in the net!
The wight struggles against the net. x2
The wight struggles against the net. x2
The wight struggles against the net. x2
You strike the helpless wight from behind!
You hit the wight.
The wight is almost destroyed.
You strike the helpless wight from behind!
You hit the wight.
You destroy the wight!
The wight struggles against the net.
The wight hits you with a +0 hand axe of electrocution!
* * * LOW HITPOINT WARNING * * *
You are electrocuted!
You die...

.#+##########
.g..........#
............#
............#
............#
..(...zz....#
....(.)@....#
............#
............#
............#
..<.........#
............#
#############


You could see 2 wights and a goblin.

Vanquished Creatures
  Pikel (D:6)
  Sigmund (D:2)
  6 yaks
  A vampire mosquito (D:7)
  Duvessa (D:4)
  2 black bears (D:6)
  A sky beast (D:6)
  2 phantoms
  A bullfrog (D:5)
  A necrophage (D:5)
  A scorpion (D:6)
  5 wights
  Dowan (D:4)
  2 howler monkeys
  2 jellies
  2 hounds
  3 orc priests
  Crazy Yiuf (D:3)
  A gnoll bouda (D:5)
  3 iguanas
  Natasha (thrice) (D:2)
  4 orc wizards
  Terence (D:3)
  Robin (D:3)
  5 gnolls
  7 adders
  2 ufetubi (D:6)
  3 dart slugs
  26 orcs
  4 ball pythons
  7 bats
  11 endoplasms
  4 giant cockroaches
  15 hobgoblins
  6 jackals
  6 kobolds
  3 quokkas
  4 frilled lizards
  18 goblins
  5 rats
173 creatures vanquished.

Notes
Turn   | Place    | Note
-------+----------+-------------------------------------------
     0 | D:1      | NinjaNoafa the Merfolk Gladiator began the quest for the
                  | Orb.
     0 | D:1      | Reached XP level 1. HP: 16/16 MP: 1/1
   164 | D:1      | Reached XP level 2. HP: 22/23 MP: 2/2
   344 | D:1      | Reached skill level 1 in Stealth
   527 | D:1      | Reached XP level 3. HP: 28/28 MP: 3/3
   763 | D:2      | Noticed Natasha
   865 | D:2      | Noticed Sigmund
   882 | D:2      | Killed Sigmund
   883 | D:2      | Reached skill level 5 in Dodging
   883 | D:2      | Reached XP level 4. HP: 9/37 MP: 4/4
   883 | D:2      | Reached XP level 5. HP: 11/42 MP: 5/5
  1116 | D:2      | Killed Natasha
  1117 | D:2      | Reached skill level 5 in Short Blades
  1117 | D:2      | Reached XP level 6. HP: 26/48 MP: 6/6
  1308 | D:2      | Noticed Natasha
  1322 | D:2      | Killed Natasha
  1567 | D:2      | Noticed Natasha
  1574 | D:2      | Killed Natasha
  1662 | D:2      | You fall into a shaft and drop 2 floors!
  1852 | D:3      | Noticed Terence
  1876 | D:3      | Killed Terence
  1997 | D:3      | Identified the +9 spear "Reorahimei" {freeze, Fly rC+ rN+
                  | Str-3}
  2081 | D:3      | Noticed Robin
  2092 | D:3      | Reached skill level 6 in Dodging
  2095 | D:3      | Killed Robin
  2192 | D:3      | Found a runed translucent door.
  2193 | D:3      | Noticed Crazy Yiuf
  2469 | D:3      | Reached XP level 7. HP: 55/55 MP: 7/7
  2570 | D:3      | Reached skill level 1 in Polearms
  2841 | D:3      | Killed Crazy Yiuf
  2889 | D:4      | Found Voerev's Antique Armour Shoppe.
  2904 | D:4      | Noticed Duvessa
  2910 | D:4      | Noticed Dowan
  3430 | D:4      | Killed Duvessa
  3431 | D:4      | Reached skill level 5 in Fighting
  3442 | D:4      | Killed Dowan
  3443 | D:4      | Reached skill level 7 in Dodging
  3443 | D:4      | Reached skill level 5 in Stealth
  3443 | D:4      | Reached XP level 8. HP: 32/62 MP: 8/8
  3555 | D:5      | Entered Level 5 of the Dungeon
  3660 | D:5      | Found a blossoming altar of Fedhas.
  3668 | D:5      | Identified the +1 leather armour of Cuxew {rPois rF- rC++}
  3704 | D:5      | Found a runed translucent door.
  3707 | D:5      | Noticed mhtbhm's ghost (novice GrFi)
  4050 | D:5      | Identified the +1 chain mail of Lifelessness {-Tele rElec
                  | rF- Str+8}
  4475 | D:6      | Noticed Pikel
  4482 | D:6      | Noticed a yak
  4483 | D:6      | Killed Pikel
  4484 | D:6      | Reached skill level 5 in Polearms
  4484 | D:6      | Reached skill level 8 in Dodging
  4484 | D:6      | Reached XP level 9. HP: 71/71 MP: 9/9
  4495 | D:6      | Reached skill level 9 in Dodging
  4962 | D:6      | Reached skill level 10 in Dodging
  5166 | D:6      | Reached XP level 10. HP: 82/82 MP: 10/10
  5270 | D:6      | Found a staircase to the Ecumenical Temple.
  5547 | D:7      | Reached skill level 11 in Dodging
  5584 | D:7      | Slain by a wight

Illustrated notes

Levels and vault maps discovered:
D:1:      saegor_arrival_under_anarchy, layout_loops_ring
D:2:      layout_rooms, dk_noncrumbling_2, kennysheep_generic_room_4,
          uniq_natasha, uniq_sigmund
D:3:      minmay_bubble_buster, layout_basic, uniq_robin,
          uniq_crazy_yiuf_cottage, uniq_terence
D:4:      layout_basic, serial_shops, shop_fountains, uniq_duvessa
D:5:      layout_gridville, fedhas_ov_isle_minmay,
          hellmonk_ghost_happy_afterlife
D:6:      layout_basic, minmay_temple_entry_arrows, uniq_pikel
D:7:      layout_basic, enter_bailey_5

Skill      XL: |  1  2  3  4  5  6  7  8  9 10 |
---------------+-------------------------------+-----
Stealth        | 1 2 3 5 6 |  6.0
Short Blades   | 4 5 |  5.4
Fighting       | 3 4 5 6 8 |  8.7
Dodging        | 5 6 7 8 10 11 | 11.0
Polearms       | 3 5 8 |  8.0
Throwing       | |  2.0

Action                   |  1- 3 |  4- 6 |  7- 9 | 10-12 || total
-------------------------+-------+-------+-------+-------++-------
Melee: Rapier            |    54 |       |       |       ||    54
       Punch             |     1 |     4 |     3 |       ||     8
       Dagger            |    34 |   145 |       |       ||   179
       Unarmed           |     1 |     4 |       |       ||     5
       Spear             |       |    41 |   253 |    25 ||   319
Throw: Javelin           |     1 |     2 |       |     1 ||     4
       Throwing net      |     2 |       |       |     2 ||     4
       Dart              |       |     2 |       |       ||     2
  Use: Potion            |     2 |       |       |     1 ||     3
       Scroll            |       |       |       |     4 ||     4
 Stab: Sleeping          |     2 |     5 |    10 |     2 ||    19
       Distracted        |       |       |     2 |       ||     2
       Held in net/web   |       |       |       |     2 ||     2
Armor: Leather armour    |    24 |    24 |    38 |    19 ||   105
       Skin              |     5 |     3 |       |       ||     8
Dodge: Dodged            |    50 |   107 |   170 |    79 ||   406

Table legend: (Time is in decaauts)
 A = Elapsed time spent in this place.
 B = Non-inter-level travel time spent in this place.
 C = Inter-level travel time spent in this place.
 D = Time resting spent in this place.
 E = Time spent auto-exploring this place.
 F = Levels seen in this place.
 G = Mean time per level.
                   A        B        C        D        E       F      G
               +--------+--------+--------+--------+--------+-----+--------+
         Total |   5509 |   5050 |    459 |      0 |   3789 |   7 |  787.0 |
       Dungeon |   5509 |   5050 |    459 |      0 |   3789 |   7 |  787.0 |
               +--------+--------+--------+--------+--------+-----+--------+

Top non-repeatable levels by time:
     D:3: 1307 daAuts
     D:5: 1235 daAuts
     D:1: 971 daAuts
     D:2: 673 daAuts
     D:4: 653 daAuts
     D:6: 574 daAuts
     D:7: 92 daAuts
